 Dungeon Crawl Stone Soup version 0.30-a0-782-ge64f9170bb (webtiles) character file.

Game seed: 4348413674459469744

26757 vineage the Fighter (level 13, -6/89 HPs)
             Began as a Gargoyle Fighter on Mar 15, 2023.
             Was an Elder of Okawaru.
             Mangled by a manticore (10 damage)
             ... summoned by Kirke
             ... on level 3 of the Lair of Beasts.
             The game lasted 00:22:03 (17214 turns).

vineage the Fighter (Gargoyle Fighter)             Turns: 17214, Time: 00:22:03

Health: -6/89      AC:  0    Str: 22    XL:     13   Next: 28%
Magic:  17/17      EV: 13    Int: 10    God:    Okawaru [****..]
Gold:   2606       SH:  0    Dex: 11    Spells: 12/12 levels left

rFire   . . .      SeeInvis .    (weapon currently unavailable)
rCold   . . .      Faith    .    (shield currently unavailable)
rNeg    + . .      Spirit   .    (body armour currently unavailable)
rPois   ∞          Reflect  .    (helmet currently unavailable)
rElec   .          Harm     .    (cloak currently unavailable)
rCorr   .          Rampage  .    (gloves currently unavailable)
Will    .....                    (boots currently unavailable)
Stlth   +                        h - amulet of magic regeneration
HPRegen 0.34/turn                (ring currently unavailable)
MPRegen 0.55/turn                (ring currently unavailable)

@: pig-form, very quick
A: fast, no casting, sickness immunity, AC +9, small, negative energy resistance
1, (electricity resistance), torment resistance 1, petrification resistance
a: Renounce Religion, Heroism, Finesse


You were on level 3 of the Lair of Beasts.
You worshipped Okawaru.
Okawaru was greatly pleased with you.
You were a filthy swine.
You visited 3 branches of the dungeon, and saw 16 of its levels.
You also visited: Bailey.

You collected 3552 gold pieces.
You spent 946 gold pieces at shops.

Inventory:

Hand Weapons
 a - a +1 flail
 f - a +1 whip of freezing
 E - a +4 whip (melded)
Missiles
 r - 7 throwing nets (quivered)
Armour
 b - a +0 plate armour (melded)
 c - a +0 buckler (melded)
 g - the +2 pair of gloves "Luskixut" (melded) {rPois rN+ Will+ Int-3}
   (You acquired it on level 1 of the Dungeon)

   Int:       It affects your intelligence (-3).
   rPois:     It protects you from poison.
   rN:        It protects you from negative energy.
   Will:      It increases your willpower.
 j - a +1 cloak (melded)
 z - the +2 pair of slick slippers (melded) {slick, slippery, EV+5}
   (You bought it in a shop on level 3 of the Dungeon)

   Slick:     Its wearer cannot be constricted, engulfed, netted or webbed.
   Slippery:  It slips away from damaging melee attacks, pulling the attacker
   onward.
   EV:        It affects your evasion (+5).
 B - a +2 helmet of intelligence (melded)
Jewellery
 h - an amulet of magic regeneration (around neck)
 k - a ring of ice
 m - a +6 ring of strength (melded)
 t - a ring of protection from cold (melded)
 w - a ring of see invisible
 K - a +6 ring of dexterity
 S - a ring of resist corrosion
 T - a +4 ring of protection
 U - an amulet of reflection
 W - a ring of protection from cold
Wands
 d - a wand of roots (24)
 s - a wand of charming (13)
 u - a wand of digging (9)
 A - a wand of mindburst (19)
 N - a wand of polymorph (10)
 R - a wand of flame (9)
Scrolls
 n - 2 scrolls of poison
 p - a scroll of noise
 y - 4 scrolls of enchant armour
 D - 3 scrolls of amnesia
 F - 4 scrolls of enchant weapon
 L - 5 scrolls of teleportation
 O - a scroll of blinking
 V - a scroll of silence
 X - a scroll of identify
Potions
 e - 5 potions of curing
 i - a potion of heal wounds
 l - 3 potions of attraction
 o - 2 potions of lignification
 q - a potion of flight
 v - a potion of ambrosia
 x - a potion of magic
 C - a potion of berserk rage {unknown}
 G - a potion of degeneration {unknown}
 H - a potion of brilliance
 I - 2 potions of invisibility
 J - 2 potions of resistance {unknown}
 M - 3 potions of might
 P - 2 potions of haste
 Q - 2 potions of mutation {unknown}


   Skills:
 * Level 13.9 Fighting
 * Level 11.2 Maces & Flails
 + Level 11.4 Armour
 + Level 11.4 Shields
 - Level 5.4 Invocations


You had 12 spell levels left.
You didn't know any spells.
Your spell library contained the following spells:

 Spells                   Type           Power      Damage    Failure   Level
 Blink                    Tloc           0%         N/A       50%         2
 Lesser Beckoning         Tloc           0%         N/A       50%         2
 Momentum Strike          Conj/Tloc      0%         3d8       50%         2
 Gell's Gravitas          Tloc           0%         N/A       75%         3
 Ignite Poison            Fire/Tmut/Pois 0%         N/A       75%         3
 Kindle Blastsparks       Fire/Tloc/Air  0%         2d10      75%         3
 Teleport Other           Tloc           0%         N/A       75%         3
 Freezing Cloud           Conj/Ice/Air   0%         6-21      100%        5


Dungeon Overview and Level Annotations

Branches:
Dungeon (12/15)            Temple (1/1) D:6            Lair (3/5) D:8
 Shoals (0/4) Lair:2        Snake (0/4) Lair:2          Orc (0/2) D:9
 Bailey (visited)

Altars:
Ashenzari
Cheibriados
Dithmenos
Elyvilon
Fedhas
Gozag
Hepliaklqana
Kikubaaqudgha
Makhleb
Nemelex Xobeh
Okawaru
Qazlal
Ru
Sif Muna
Trog
Uskayaw
Vehumet
Wu Jian
Xom
Yredelemnul
Zin
The Shining One

Shops:
D:3 [*(   D:8 (

Annotations:
D:6 1 runed translucent door
D:7 1 runed translucent door
Lair:3 Kirke


Innate Abilities, Weirdness & Mutations

You are a filthy swine.
You move quickly.
Your equipment is almost entirely melded.
You are incapable of wielding weapons or throwing items.
You cannot cast spells.
You are immune to sickness and miasma.
((Your stone body is resilient. (AC +9)))
You are immune to poison.
You resist negative energy. (rN+)
((You are resistant to electric shocks. (rElec)))
You are resistant to unholy torment.
You are immune to petrification.


Message History

The manticore bites you but does no damage.
The manticore claws you. The manticore claws you!
You whack Kirke!
Kirke is heavily wounded.
You barely miss Kirke.
Kirke is heavily wounded.
Kirke misses you.
The manticore bites you but does no damage.
The manticore claws you but does no damage.
The manticore completely misses you.
You whack Kirke!
Kirke is heavily wounded.
Kirke points at you and mumbles some strange words.
You turn into a filthy swine.
Your +4 whip melds into your body.
Your +1 cloak melds into your body.
Your +2 helmet of intelligence melds into your body.
The +2 pair of gloves "Luskixut" {rPois rN+ Will+ Int-3} melds into your body.
The +2 pair of slick slippers {slick, slippery, EV+5} melds into your body.
Your +0 buckler melds into your body.
Your +0 plate armour melds into your body.
Your +6 ring of strength melds into your body.
Your ring of protection from cold melds into your body.
You feel stupid.
You feel weaker.
You barely miss Kirke.
Kirke is heavily wounded.
The manticore bites you! The manticore claws you!
The manticore barely misses you.
You bite Kirke!
Kirke is severely wounded.
Kirke casts a spell at you.
You struggle to resist.
The manticore bites you. The manticore claws you!
* * * LOW HITPOINT WARNING * * *
The manticore claws you!
* * * LOW HITPOINT WARNING * * *
You hit Kirke.
Kirke is severely wounded.
Kirke hits you.
* * * LOW HITPOINT WARNING * * *
The manticore barely misses you. The manticore claws you!
You die...

##. ##........ #..##
#......... #.P## ##........
## ##...####.........
.#######..........[......
..............†..#.#.....
÷..............†.####....
÷..............†@P# #...
................hP# ...
..........##.##H.## ..
.P..[###.######P.#
#......#..# #..## P..
#........## ##..# ...
.........#######.## ... .
P........#.#.##...####.##..
..................P.#......
#......#...................


You could see Kirke and a manticore (summoned).

Vanquished Creatures
  Gastronok (Lair:3)
  The ghost of zkyp the Destroyer, a journeyman DgCj (Lair:2)
  Harold (D:11)
  3 hydras (Lair:2)
  5 two-headed ogres
  A skyshark (Lair:2)
  Pikel (D:5)
  2 manticores
  3 elephants (Lair:2)
  5 black mambas
  Joseph (D:9)
  2 gargoyles
  An unseen horror (D:12)
  2 kobold demonologists
  4 cane toads
  A komodo dragon (Lair:1)
  3 trolls
  A wind drake (Lair:2)
  5 blink frogs (Lair:3)
  4 wraiths
  6 hogs (Lair:3)
  2 wyverns
  13 yaks
  3 steam dragons
  2 death yak simulacra (Lair:3)
  2 nagas (Lair:2)
  Menkaure (D:4)
  An acid dragon (D:11)
  5 water moccasins
  Duvessa (D:4)
  10 orc warriors
  An ice beast (D:7)
  An ogre (D:3)
  3 wolves (Lair:3)
  11 centaurs
  A phantom (D:4)
  A kobold brigand (D:7)
  A gnoll sergeant (D:8)
  The ghost of zurenarrh the Sneak, an amateur SpBr (D:6)
  11 bullfrogs
  2 necrophages
  2 cane toad simulacra (Lair:3)
  A scorpion (D:4)
  11 wights
  Dowan (D:4)
  2 elephant simulacra (Lair:3)
  4 killer bees (D:7)
  An electric eel (Lair:2)
  2 hounds (D:5)
  3 orc priests
  2 gnoll boudas
  A jelly (D:3)
  A human skeleton (D:7)
  Jessica (D:2)
  An iguana (D:7)
  Natasha (thrice) (D:2)
  7 orc wizards
  Ijyb (D:5)
  23 gnolls
  8 adders
  A shadow imp (D:5)
  An ufetubus (D:5)
  2 worms (D:2)
  3 dart slugs
  45 orcs
  5 ball pythons
  4 endoplasms
  5 giant cockroaches
  6 hobgoblins
  3 jackals (D:3)
  4 quokkas
  5 bats
  3 frilled lizards
  8 goblins
  14 kobolds
  3 rats
313 creatures vanquished.

Vanquished Creatures (others)
  5 dream sheep (D:10)
  An orc (Bailey)
  2 fungi
  4 plants
12 creatures vanquished.

Grand Total: 325 creatures vanquished

Notes
Turn   | Place    | Note
-------+----------+-------------------------------------------
     0 | D:1      | vineage the Gargoyle Fighter began the quest for the Orb.
     0 | D:1      | Reached XP level 1. HP: 14/14 MP: 1/1
   120 | D:1      | Reached XP level 2. HP: 17/20 MP: 2/2
   212 | D:1      | Reached skill level 4 in Fighting
   491 | D:1      | Reached XP level 3. HP: 17/24 MP: 3/3
   621 | D:1      | Found a faded altar of an unknown god.
  1228 | D:1      | Identified a scroll of acquirement
  1228 | D:1      | Acquired the +2 pair of gloves "Luskixut" {rPois rN+ Will+
                  | Int-3}
  1498 | D:2      | Noticed Jessica
  1527 | D:2      | Killed Jessica
  1528 | D:2      | Reached skill level 5 in Fighting
  1528 | D:2      | Reached XP level 4. HP: 31/31 MP: 4/4
  2117 | D:2      | Noticed Natasha
  2125 | D:2      | Killed Natasha
  2126 | D:2      | Reached skill level 6 in Fighting
  2128 | D:2      | Noticed Natasha
  2144 | D:2      | Killed Natasha
  2145 | D:2      | Reached XP level 5. HP: 16/36 MP: 5/5
  2448 | D:2      | Noticed Natasha
  2454 | D:2      | Killed Natasha
  2495 | D:3      | Found Gour's General Store.
  2499 | D:3      | Bought a potion of heal wounds for 50 gold pieces
  2506 | D:3      | Noticed an ogre
  2521 | D:3      | Killed an ogre
  2522 | D:3      | Reached skill level 7 in Fighting
  2522 | D:3      | Reached XP level 6. HP: 36/44 MP: 6/6
  2554 | D:3      | Found Jockianu's Armour Boutique.
  2732 | D:3      | Found Wuedoeri's Antique Weapon Shoppe.
  3472 | D:4      | Reached XP level 7. HP: 26/48 MP: 7/7
  3556 | D:4      | Noticed Duvessa
  3557 | D:4      | Noticed Dowan
  3567 | D:4      | Killed Duvessa
  3584 | D:4      | Killed Dowan
  3585 | D:4      | Reached skill level 8 in Fighting
  3695 | D:4      | Found a broken altar of Ashenzari.
  3875 | D:4      | Noticed Menkaure
  3883 | D:4      | Killed Menkaure
  3889 | D:4      | Acquired 1107 gold pieces
  3891 | D:4      | Acquired 707 gold pieces
  3947 | D:3      | Bought the +2 pair of slick slippers {slick, slippery,
                  | EV+5} for 595 gold pieces
  3947 | D:3      | Found the +2 pair of slick slippers {slick, slippery, EV+5}
  3947 | D:3      | Bought a +2 helmet of intelligence for 301 gold pieces
  4007 | D:5      | Entered Level 5 of the Dungeon
  4069 | D:5      | Noticed Pikel
  4105 | D:5      | Killed Pikel
  4106 | D:5      | Reached skill level 5 in Armour
  4106 | D:5      | Reached skill level 5 in Shields
  4106 | D:5      | Reached XP level 8. HP: 43/55 MP: 8/8
  4405 | D:5      | Reached skill level 9 in Fighting
  4507 | D:5      | Reached XP level 9. HP: 60/60 MP: 9/9
  4609 | D:5      | Reached skill level 5 in Maces & Flails
  5186 | D:5      | Noticed Ijyb
  5194 | D:5      | Killed Ijyb
  5318 | D:6      | Found a staircase to the Ecumenical Temple.
  5329 | Temple   | Entered the Ecumenical Temple
  5362 | Temple   | Became a worshipper of Warmaster Okawaru
  5447 | D:6      | Found a runed translucent door.
  5449 | D:6      | Noticed zurenarrh's ghost (amateur SpBr)
  5801 | D:6      | Found an ornate altar of the Wu Jian Council.
  6083 | D:6      | Found a runed translucent door.
  6251 | D:6      | Noticed a two-headed ogre
  6262 | D:6      | Killed a two-headed ogre
  6262 | D:6      | Reached * piety under Okawaru
  6443 | D:6      | Killed zurenarrh's ghost
  6515 | D:7      | Found a stormy altar of Qazlal.
  6618 | D:7      | Reached ** piety under Okawaru
  6728 | D:7      | Reached skill level 10 in Fighting
  6837 | D:7      | Found a runed translucent door.
  6868 | D:7      | Found a basalt altar of Yredelemnul.
  6879 | D:7      | Reached XP level 10. HP: 68/68 MP: 10/10
  7013 | D:7      | Found a flagged portal.
  7052 | Bailey   | Entered a bailey
  8147 | D:7      | Noticed a two-headed ogre
  8168 | D:7      | Killed a two-headed ogre
  8560 | D:7      | Acquired 884 gold pieces
  8737 | D:8      | Reached *** piety under Okawaru
  8738 | D:8      | Reached skill level 11 in Fighting
  9036 | D:8      | Found a staircase to the Lair.
  9192 | D:8      | Found Kamnuidgh's Antique Weapon Shoppe.
  9269 | D:8      | Reached skill level 1 in Invocations
  9438 | D:9      | Reached XP level 11. HP: 53/74 MP: 12/12
  9640 | D:9      | Identified the +2 robe of Naedghuch {-Tele rC+++ Regen+
                  | Dex+3}
  9642 | D:9      | Noticed Joseph
  9669 | D:9      | Killed Joseph
  9669 | D:9      | Reached **** piety under Okawaru
  9886 | D:9      | Found a sparkling altar of Nemelex Xobeh.
 10019 | D:9      | Found a staircase to the Orcish Mines.
 10605 | D:10     | Entered Level 10 of the Dungeon
 10618 | D:10     | Found a snail-covered altar of Cheibriados.
 10672 | D:10     | You fall into a shaft and drop 1 floor!
 10944 | D:10     | Found a shimmering altar of Xom.
 11162 | D:10     | Found a sacrificial altar of Ru.
 11891 | D:11     | Noticed a two-headed ogre
 11891 | D:11     | Noticed a two-headed ogre
 11904 | D:11     | Killed a two-headed ogre
 11916 | D:11     | Killed a two-headed ogre
 11980 | D:11     | Noticed Harold
 12003 | D:11     | Killed Harold
 12165 | D:11     | Received a gift from Okawaru
 12208 | D:11     | Identified the +0 short sword of Ecodid {pain, Drain rElec
                  | rF+ rC+}
 12576 | D:12     | Reached skill level 10 in Armour
 12576 | D:12     | Reached skill level 10 in Shields
 12802 | D:12     | Noticed a two-headed ogre
 12817 | D:12     | Killed a two-headed ogre
 12818 | D:12     | Reached skill level 12 in Fighting
 13123 | D:12     | Noticed a manticore
 13139 | D:12     | Killed a manticore
 13140 | D:12     | Reached skill level 5 in Invocations
 13140 | D:12     | Reached XP level 12. HP: 76/81 MP: 15/15
 13662 | Lair:1   | Entered Level 1 of the Lair of Beasts
 14037 | Lair:1   | Found a broken altar of Ashenzari.
 14082 | Lair:1   | Reached ***** piety under Okawaru
 14698 | Lair:2   | Noticed a five-headed hydra
 14719 | Lair:2   | Killed a five-headed hydra
 15277 | Lair:2   | Found a staircase to the Snake Pit.
 15416 | Lair:2   | Found a runed translucent gate.
 15416 | Lair:2   | Found a runed translucent gate.
 15416 | Lair:2   | Found a runed translucent gate.
 15417 | Lair:2   | Noticed a nine-headed hydra
 15417 | Lair:2   | Noticed a nine-headed hydra
 15418 | Lair:2   | Noticed zkyp's ghost (journeyman DgCj)
 15431 | Lair:2   | Reached skill level 10 in Maces & Flails
 15479 | Lair:2   | Identified the +6 great mace of Baebb {pain, rElec}
                  | (Okawaru gifted it to you on level 2 of the Lair of Beasts)
 15479 | Lair:2   | Received a gift from Okawaru
 15480 | Lair:2   | Reached skill level 13 in Fighting
 15744 | Lair:2   | Found a staircase to the Shoals.
 16091 | Lair:2   | Killed a nine-headed hydra
 16116 | Lair:2   | Killed a nine-headed hydra
 16149 | Lair:2   | Killed zkyp's ghost
 16328 | Lair:3   | Noticed Gastronok
 16371 | Lair:3   | Killed Gastronok
 16372 | Lair:3   | Reached XP level 13. HP: 22/88 MP: 12/17
 16855 | Lair:3   | Found a frozen archway.
 17141 | Lair:3   | Noticed Kirke
 17214 | Lair:3   | HP: 4/89 [Kirke (1)]
 17214 | Lair:3   | Mangled by a manticore

Illustrated notes

Levels and vault maps discovered:
D:1:      dpeg_arrival_prison, layout_basic, hellmonk_ecumenical_altar_zigzags,
          lemuel_flame_loot_1
D:2:      layout_basic, uniq_natasha, uniq_jessica
D:3:      layout_basic, serial_shops, nicolae_shop_advertising_works
          [nicolae_subvault_shop_adworks], nicolae_shop_hallway_stairs,
          nicolae_shop_stone, kennysheep_generic_room_9
D:4:      layout_rooms, nicolae_ashenzari_skybound, serial_bayou,
          serial_bayou_pond_e, serial_bayou_shore_b, serial_bayou_ford_a,
          serial_bayou_pond_e, chequers_serial_rivers_micro_a,
          minmay_misc_feat_doors, uniq_duvessa, uniq_menkaure
D:5:      layout_basic, uniq_ijyb, uniq_pikel
D:6:      layout_layer_cave, kennysheep_mini_moat,
          minmay_temple_entry_statues_pillars, ebering_ghost_sewer_f
D:7:      layout_gridville, dk_yredelemnul_ordeal,
          nicolae_qazlal_general_emergency, enter_bailey_2, dk_vineyard_3
D:8:      layout_basic, lair_entry_dummy, serial_shops, kennysheep_little_box
D:9:      layout_basic, nemelex_xobeh_ov_fountains_minmay, hiddenorc1_lemuel,
          uniq_joseph
D:10:     layout_stronghold, mainiacjoe_overflow_paths,
          mainiacjoe_overflow_small_starburst, kb_xom_exploding_sheep
D:11:     layout_cave_pools, uniq_harold
D:12:     layout_cave_pods
Temple:   eino_temple_lava
Lair:1:   layout_regular_city, basic_altar, lemuel_fruit_tree
Lair:2:   layout_gridlike, minmay_shoals_entry_beasts,
          guppyfry_snake_entry_garden, gammafunk_ghost_hydra_chop
Lair:3:   layout_chaotic_city, portal_ice_cave_entry_ice_simulacra,
          fungi_pond_lemuel, uniq_gastronok, uniq_kirke

Skill      XL: |  1  2  3  4  5  6  7  8  9 10 11 12 13 |
---------------+----------------------------------------+-----
Fighting       | 4 5 6 7 8 9 10 11 12 13 | 13.9
Maces & Flails | 4 6 7 9 10 11 | 11.2
Armour         | 5 6 7 9 10 11 | 11.4
Shields        | 5 6 7 9 10 11 | 11.4
Invocations    | 1 5 |  5.4

Action                     |  1- 3 |  4- 6 |  7- 9 | 10-12 | 13-15 || total
---------------------------+-------+-------+-------+-------+-------++-------
  Melee: Flail             |    86 |   129 |    73 |       |       ||   288
         Whip              |       |       |   305 |  1398 |   216 ||  1919
         Unarmed           |       |       |       |       |     3 ||     3
 Invoke: Heroism           |       |       |       |    18 |     3 ||    21
         Finesse           |       |       |       |     1 |       ||     1
    Use: Scroll            |     2 |     3 |    15 |     7 |     1 ||    28
         Potion            |       |       |     3 |     7 |     2 ||    12
 Armour: Scale mail        |    41 |       |       |       |       ||    41
         Chain mail        |    13 |    35 |       |       |       ||    48
         Plate armour      |       |   108 |   196 |   854 |    89 ||  1247
  Dodge: Dodged            |    36 |    62 |   220 |   739 |    98 ||  1155
  Block: Buckler           |    16 |    37 |    92 |   450 |    65 ||   660

Table legend: (Time is in decaauts)
 A = Elapsed time spent in this place.
 B = Non-inter-level travel time spent in this place.
 C = Inter-level travel time spent in this place.
 D = Time resting spent in this place.
 E = Time spent auto-exploring this place.
 F = Levels seen in this place.
 G = Mean time per level.
                   A        B        C        D        E       F      G
               +--------+--------+--------+--------+--------+-----+--------+
         Total |  16754 |  15733 |   1021 |   1420 |  11123 |  17 |  985.5 |
       Dungeon |  12421 |  11495 |    926 |    626 |   8789 |  12 | 1035.1 |
        Temple |     42 |     14 |     28 |      0 |      9 |   1 |   42.0 |
          Lair |   3257 |   3191 |     66 |    498 |   2072 |   3 | 1085.7 |
        Bailey |   1032 |   1032 |      0 |    296 |    252 |   1 | 1032.0 |
               +--------+--------+--------+--------+--------+-----+--------+

Top non-repeatable levels by time:
  Lair:2: 1649 daAuts
     D:1: 1368 daAuts
     D:9: 1292 daAuts
     D:5: 1289 daAuts
     D:2: 1192 daAuts
     D:6: 1115 daAuts
    D:12: 1078 daAuts
    D:10: 1038 daAuts
  Bailey: 1032 daAuts
     D:7: 982 daAuts
     D:3: 973 daAuts
  Lair:1: 826 daAuts
    D:11: 804 daAuts
  Lair:3: 781 daAuts
     D:8: 695 daAuts
